 Dungeon Crawl Stone Soup version 0.20-a0-1101-g1de9d76 (webtiles) character file.

58 grindst0ne the Skirmisher (level 3, 0/33 HPs)
             Began as a Draconian Berserker on May 4, 2017.
             Was a Believer of Trog.
             Succumbed to an adder's poison
             ... on level 2 of the Dungeon.
             The game lasted 00:02:21 (935 turns).

grindst0ne the Skirmisher (Draconian Berserker)      Turns: 935, Time: 00:02:21

Health: 0/33       AC:  5    Str: 20    XL:     3   Next: 76%
Magic:  3/3        EV: 12    Int:  7    God:    Trog [**....]
Gold:   36         SH:  0    Dex: 10    Spells: 2/2 levels left

rFire    . . .     SeeInvis .   a - +0 short sword
rCold    . . .     Gourm    .   (no shield)
rNeg     . . .     Faith    .   (armour unavailable)
rPois    .         Spirit   .   (helmet restricted)
rElec    .         Reflect  .   (no cloak)
rCorr    .         Harm     .   (no gloves)
MR       .....                  (no boots)
Stlth    +.........             (no amulet)
Regen    0.2/turn               (no ring)
MPRegen  0.1/turn               (no ring)

@: lethally poisoned (0 -> -6)
A: unfitting armour, cold-blooded, AC +5
a: Berserk, Trog's Hand, Burn Spellbooks, Renounce Religion


You were on level 2 of the Dungeon.
You worshipped Trog.
Trog was pleased with you.
You were not hungry.

You visited 1 branch of the dungeon, and saw 2 of its levels.

You collected 36 gold pieces.

Inventory:

Hand Weapons
 a - a +0 short sword (weapon)
Scrolls
 e - a scroll of random uselessness {unknown}
 g - a scroll of magic mapping {unknown}
 j - a scroll of identify {unknown}
 k - a scroll of remove curse {unknown}
Potions
 c - a potion of berserk rage {unknown}
 h - 2 potions of curing {unknown}
 i - 2 potions of invisibility {unknown}
Comestibles
 b - 2 bread rations
 d - a chunk of flesh
 f - 3 fruits


   Skills:
 + Level 4.2 Fighting
 + Level 3.8 Short Blades
 - Level 2.9 Dodging


You had 2 spell levels left.
You didn't know any spells.

Dungeon Overview and Level Annotations

Branches:
Dungeon (2/15)

Altars:


Innate Abilities, Weirdness & Mutations

Your plain brown scales are hard. (AC +5)
You cannot fit into any form of body armour.
You are cold-blooded and may be slowed by cold attacks.


Message History

You kill the gnoll!
Trog accepts your kill.
You completely miss the adder. The adder bites you.
* * * LOW HITPOINT WARNING * * *
You are lethally poisoned!
The adder poisons you! The adder closely misses you.
You hit the adder.
Your tail-slap misses the adder.
The adder is lightly wounded.
* * * LOW HITPOINT WARNING * * *
You feel sick. The adder bites you but does no damage.
You closely miss the adder.
The adder is lightly wounded.
* * * LOW HITPOINT WARNING * * *
You feel sick. The adder closely misses you.
You barely miss the adder.
Your tail-slap misses the adder.
The adder is lightly wounded.
The adder barely misses you.
You closely miss the adder. You tail-slap the adder.
The adder is severely wounded.
You die...

##.# #.# ...# #.# ### ###..#
#.# .. ..#..# #.# ##.#.##..#
#.# #?!.??#..# #.#
#..###.###..# #.#
#...........###############.#
......###...hhS@.............#
###### ####################.#
#.# ###


You could see an adder and 2 jackals.

Vanquished Creatures
  A gnoll (D:2)
  An adder (D:2)
  A leopard gecko (D:1)
  A ball python (D:2)
  A bat (D:1)
  2 giant cockroaches (D:1)
  4 goblins
  4 hobgoblins (D:1)
  7 jackals
  A quokka (D:2)
  2 frilled lizards (D:1)
  5 kobolds (D:1)
  5 rats
35 creatures vanquished.

Notes
Turn   | Place    | Note
-------+----------+-------------------------------------------
     0 | D:1      | grindst0ne the Draconian Berserker began the quest for the Orb.
     0 | D:1      | Reached XP level 1. HP: 19/19 MP: 1/1
    11 | D:1      | Noticed a bullfrog
   269 | D:1      | Reached XP level 2. HP: 16/26 MP: 2/2
   660 | D:1      | Reached XP level 3. HP: 31/33 MP: 3/3
   667 | D:1      | Reached skill level 4 in Fighting
   863 | D:2      | Reached ** piety under Trog
   933 | D:2      | HP: 1/33 [poisoned by an adder]
   935 | D:2      | Succumbed to an adder's poison

Vault maps used:
D:1:      evilmike_arrival_come_back
D:2:      first_bread, minmay_split_cup_large

Skill      XL: |  1  2  3 |
---------------+----------+-----
Fighting       | 4 |  4.2
Short Blades   | |  3.8
Dodging        | |  2.9

Action                   || total
-------------------------++-------
Melee: Short sword       ||   114
       Tailslap          ||     8
Armor: Skin              ||    37
Dodge: Dodged            ||    76
